 Dungeon Crawl Stone Soup version 0.30-a0-986-g7f2e898f52 (webtiles) character file.

Game seed: 15620512145584933958

133 jimonade the Covered (level 5, -17/46 HPs)
             Began as a Hill Orc Fighter on Apr 1, 2023.
             Was a Follower of Beogh.
             Demolished by a gnoll
             ... wielding a +0 halberd
              (20 damage)
             ... on level 4 of the Dungeon.
             The game lasted 00:06:05 (2829 turns).

jimonade the Covered (Hill Orc Fighter)             Turns: 2829, Time: 00:06:05

Health: -17/46     AC:  7    Str: 21    XL:     5   Next: 16%
Magic:  7/7        EV:  8    Int:  8    God:    Beogh [*.....]
Gold:   192        SH: 13    Dex: 10    Spells: 4/4 levels left

rFire   . . .      SeeInvis .    a - +2 short sword (elec)
rCold   . . .      Faith    .    e - +0 kite shield
rNeg    . . .      Spirit   .    A - +2 ring mail {Will+}
rPois   .          Reflect  +    (no helmet)
rElec   .          Rampage  .    (no cloak)
rCorr   .                        (no gloves)
Will    +....                    (no boots) Stlth
                                 h - amulet of reflection
HPRegen 0.27/turn                (no ring)
MPRegen 0.10/turn                (no ring)

@: no status effects
A: no striking features
a: Renounce Religion


You were on level 4 of the Dungeon.
You worshipped Beogh.
Beogh was aware of your devotion.
You visited 1 branch of the dungeon, and saw 4 of its levels.

You collected 192 gold pieces.

Inventory:

Hand Weapons
 a - a +2 short sword of electrocution (weapon)
 i - a +0 trident
 r - a +0 trident of pain
 B - the +5 quarterstaff of the Brain {heavy, rCorr Str+2 Int+2}
   (You took it off an orc on level 3 of the Dungeon)

   Str:       It affects your strength (+2).
   Int:       It affects your intelligence (+2).
   rCorr:     It protects you from acid and corrosion.
 C - a +2 short sword of speed
Missiles
 g - 4 curare-tipped darts (quivered)
 w - 28 stones
 D - 6 poisoned darts
Armour
 e - a +0 kite shield (worn)
 A - a +2 ring mail of willpower (worn)
 F - a scarf of invisibility
 H - a +0 chain mail
Jewellery
 h - an amulet of reflection (around neck)
Scrolls
 f - 6 scrolls of identify {unknown}
 k - 2 scrolls of teleportation {unknown}
 l - a scroll of amnesia {unknown}
 n - 3 scrolls of silence {unknown}
 o - a scroll of enchant weapon {unknown}
 s - a scroll of vulnerability {unknown}
 t - a scroll of torment {unknown}
 u - a scroll of noise {unknown}
 y - a scroll of fear {unknown}
 G - 3 scrolls of brand weapon {unknown}
Potions
 d - a potion of might
 j - a potion of magic {unknown}
 m - a potion of haste {unknown}
 p - a potion of heal wounds {unknown}
 q - a potion of berserk rage
 v - a potion of flight {unknown}
 x - a potion of resistance {unknown}
 z - 3 potions of curing {unknown}
 E - a potion of attraction {unknown}


   Skills:
 + Level 4.1 Fighting
 + Level 1.1 Short Blades
 - Level 2.4 Polearms
 + Level 4.2 Armour
 + Level 4.1 Shields
 * Level 2.8 Invocations


You had 4 spell levels left.
You didn't know any spells.
Your spell library contained the following spells:

 Spells                   Type           Power      Damage    Failure   Level
 Dazzling Flash           Conj/Hex       0%         N/A       99%         3
 Iskenderun's Mystic Bla  Conj/Tloc      0%         2d3       100%        4
 Starburst                Conj/Fire      0%         6d3       100%        6


Dungeon Overview and Level Annotations

Branches:
Dungeon (4/15)             Temple (0/1) D:4

Altars:
Elyvilon
Zin

Shops:
D:2 :


Message History

You block the gnoll's attack.
The ufetubus hits you but does no damage. x2
The gnoll rages.
You block the gnoll's attack. The ufetubus attacks as you move away!
You block the ufetubus's attack. x3
The ufetubus hits you. The ufetubus attacks as you move away!
The ufetubus hits you. You block the ufetubus's attack.
You hear a shout!
You block the ufetubus's attack. x2
The ufetubus attacks as you move away! The ufetubus hits you.
You block the ufetubus's attack. x3
The ufetubus attacks as you move away! You block the ufetubus's attack. x2
The ufetubus hits you.
The ufetubus hits you but does no damage.
You block the gnoll's attack. You block the ufetubus's attack. x2
The gnoll rages.
The gnoll hits you from afar with a +0 halberd.
* * * LOW HITPOINT WARNING * * *
The ufetubus attacks as you move away! You block the ufetubus's attack.
The ufetubus closely misses you. You block the ufetubus's attack.
The ufetubus hits you but does no damage.
The ufetubus attacks as you move away! You block the ufetubus's attack.
The ufetubus hits you.
* * * LOW HITPOINT WARNING * * *
You block the ufetubus's attack. x2
The gnoll hits you from afar with a +0 halberd!
* * * LOW HITPOINT WARNING * * *
The ufetubus attacks as you move away!
The ufetubus hits you but does no damage.
You block the ufetubus's attack. The ufetubus closely misses you.
You block the ufetubus's attack.
The adder hisses angrily.
You block the gnoll's attack. You block the ufetubus's attack.
The ufetubus barely misses you. The ufetubus attacks as you move away!
You block the ufetubus's attack. x2
The gnoll rages.
The gnoll hits you from afar with a +0 halberd!!
You die...

##### ##....... ##
#...######.....###
##.####...#..#.#.....#
#.........#......<...#
##.........#...#......#
##.#....................##
..........###...###....## ###
#..#.....#...#.# #.....# #.###
#.......g5@S##.# #.....#
....####...........#.........#
......###...g..........#......
......####.g...###..#..##......
........#......# ..#..##.......
.........g.....#+#..#
#.........
...####.##............ ...#
#..#............. .g##
##...............


You could see 4 gnolls, an adder and an ufetubus.

Vanquished Creatures
  An orc wizard (D:2)
  2 adders
  A gnoll (D:3)
  2 dart slugs
  10 orcs
  7 ball pythons
  3 endoplasms (D:1)
  3 giant cockroaches
  5 goblins
  10 hobgoblins
  4 jackals (D:1)
  9 kobolds
  3 quokkas
  2 bats
  A frilled lizard (D:1)
  3 rats
66 creatures vanquished.

Vanquished Creatures (others)
  An orc priest (D:2)
  An orc (D:2)
  An endoplasm (D:2)
  A rat (D:2)
4 creatures vanquished.

Grand Total: 70 creatures vanquished

Notes
Turn   | Place    | Note
-------+----------+-------------------------------------------
     0 | D:1      | jimonade the Hill Orc Fighter began the quest for the Orb.
     0 | D:1      | Reached XP level 1. HP: 19/19 MP: 1/1
   122 | D:1      | Found a faded altar of an unknown god.
   184 | D:1      | Reached XP level 2. HP: 27/27 MP: 2/2
   247 | D:1      | Reached skill level 1 in Invocations
   531 | D:1      | Reached XP level 3. HP: 33/33 MP: 2/4
  1047 | D:2      | Found a white marble altar of Elyvilon.
  1299 | D:2      | Became a worshipper of Beogh the Brigand
  1319 | D:2      | Reached XP level 4. HP: 21/40 MP: 5/5
  1552 | D:2      | Found Homais's Book Shoppe.
  2165 | D:3      | Identified the +5 quarterstaff of the Brain {heavy, rCorr
                  | Str+2 Int+2}
  2171 | D:3      | Reached * piety under Beogh
  2172 | D:3      | Reached XP level 5. HP: 32/46 MP: 6/6
  2614 | D:3      | Found a glowing silver altar of Zin.
  2681 | D:3      | Reached skill level 1 in Short Blades
  2782 | D:4      | Found a staircase to the Ecumenical Temple.
  2825 | D:4      | HP: 2/46 [gnoll/+0 halberd (8)]
  2829 | D:4      | Demolished by a gnoll

Illustrated notes

Levels and vault maps discovered:
D:1:      tekkud_arrival_beachfront_property, layout_loops_corners,
          ebering_ecumenical_altar_box, minmay_cut_off
D:2:      layout_rooms, serial_shops, nicolae_lakefront_shop, basic_altar,
          minivault_19
D:3:      layout_loops_cross, nicolae_overflow_hidden_temple
D:4:      layout_cave_pools, kennysheep_mini_moat, minmay_temple_entry_grid,
          minmay_manual_mess

Skill      XL: |  1  2  3  4  5 |
---------------+----------------+-----
Invocations    | 1 2 |  2.8
Fighting       | 4 |  4.1
Armour         | 4 |  4.2
Shields        | 4 |  4.1
Short Blades   | 1 |  1.1
Polearms       | |  2.4

Action                     |  1- 3 |  4- 6 || total
---------------------------+-------+-------++-------
  Melee: Trident           |   107 |       ||   107
         Short sword       |     7 |   128 ||   135
 Invoke: Convert to Beogh  |     1 |       ||     1
 Armour: Scale mail        |    24 |    48 ||    72
         Ring mail         |       |    22 ||    22
  Dodge: Dodged            |    35 |    46 ||    81
  Block: Kite shield       |    42 |   100 ||   142

Table legend: (Time is in decaauts)
 A = Elapsed time spent in this place.
 B = Non-inter-level travel time spent in this place.
 C = Inter-level travel time spent in this place.
 D = Time resting spent in this place.
 E = Time spent auto-exploring this place.
 F = Levels seen in this place.
 G = Mean time per level.
                   A        B        C        D        E       F      G
               +--------+--------+--------+--------+--------+-----+--------+
         Total |   2885 |   2683 |    202 |      0 |   2046 |   4 |  721.2 |
       Dungeon |   2885 |   2683 |    202 |      0 |   2046 |   4 |  721.2 |
               +--------+--------+--------+--------+--------+-----+--------+

Top non-repeatable levels by time:
     D:1: 1059 daAuts
     D:3: 953 daAuts
     D:2: 743 daAuts
     D:4: 129 daAuts
